 Seeded DCSS version 0.30-a0-930-gb9d0489357 (webtiles) character file.

Game seed: 14888120050964983059 (custom seed)

73 Pimp the Poker (level 4, -1/34 HPs)
             Began as a Demonspawn Gladiator on Mar 23, 2023.
             Slain by an orc
             ... wielding a +0 flail
              (8 damage)
             ... on level 3 of the Dungeon.
             The game lasted 00:04:07 (2392 turns).

Pimp the Poker (Demonspawn Gladiator)               Turns: 2392, Time: 00:04:07

Health: -1/34      AC:  5    Str: 20    XL:     4   Next: 8%
Magic:  4/4        EV: 12    Int: 11    God:
Gold:   1016       SH:  0    Dex: 15    Spells: 3/3 levels left

rFire   . . .      SeeInvis .    a - +0 trident
rCold   . . .      Faith    .    (no shield)
rNeg    . . .      Spirit   .    b - +0 leather armour
rPois   .          Reflect  .    c - +0 helmet
rElec   .          Rampage  .    (no cloak)
rCorr   .                        g - +0 pair of gloves
Will    .....                    (no boots)
Stlth   +                        (no amulet)
HPRegen 0.25/turn                m - +6 ring of strength
MPRegen 0.09/turn                (no ring)

@: studying 2 skills
A: hooves 1, foul stench 1
a: no special abilities


You were on level 3 of the Dungeon.
You visited 1 branch of the dungeon, and saw 3 of its levels.

You collected 1016 gold pieces.

Inventory:

Hand Weapons
 a - a +0 trident (weapon)
Missiles
 d - 3 throwing nets (quivered)
 e - a javelin
Armour
 b - a +0 leather armour (worn)
 c - a +0 helmet (worn)
 g - a +0 pair of gloves (worn)
Jewellery
 m - a +6 ring of strength (left hand)
 p - a ring of willpower
Scrolls
 f - 4 scrolls of identify
 i - a scroll of fog {unknown}
 j - a scroll of silence {unknown}
 k - a scroll of vulnerability
 l - a scroll of teleportation {unknown}
 n - 2 scrolls of magic mapping {unknown}
 o - a scroll of fear {unknown}
 r - a scroll of brand weapon {unknown}
Potions
 q - a potion of invisibility {unknown}


   Skills:
 + Level 2.6 Fighting
 * Level 3.2 Polearms
 + Level 2.4 Throwing
 + Level 3.2 Dodging
 + Level 0.2 Spellcasting
 * Level 0.4 Earth Magic


You had 3 spell levels left.
You didn't know any spells.
Your spell library contained the following spells:

 Spells                   Type           Power      Damage    Failure   Level
 Sting                    Tmut/Pois      0%         1d3       38%         1
 Poisonous Vapours        Pois/Air       0%         N/A       54%         2
 Olgreb's Toxic Radiance  Pois           0%         N/A       99%         4


Dungeon Overview and Level Annotations

Branches:
Dungeon (3/15)

Altars:

Shops:
D:1 :   D:3 =


Innate Abilities, Weirdness & Mutations

You have large cloven feet.
You may rarely emit foul miasma when damaged in melee.


Message History

The orc hits you with a +0 flail.
You puncture the worm!
You kill the worm!
The orc hits you but does no damage.
The orc priest hits you but does no damage.
The orc hits you with a +0 falchion.
Items here: ))) [[.
You closely miss the orc priest. You kick the orc priest.
The orc priest is lightly wounded.
The orc hits you with a +0 flail.
* * * LOW HITPOINT WARNING * * *
The orc priest hits you with a +0 war axe.
* * * LOW HITPOINT WARNING * * *
The orc closely misses you.
It was a potion of curing.
You feel better. The orc barely misses you. The orc priest closely misses you.
The orc closely misses you.
You hit the orc priest but do no damage.
Your kick misses the orc priest.
The orc priest is lightly wounded.
The orc barely misses you.
The orc priest invokes the aid of Beogh against you.
Beogh smites you!
* * * LOW HITPOINT WARNING * * *
The orc misses you.
You feel better. The orc barely misses you.
The orc priest begins to cast a cantrip, but forgets the words!
The orc hits you with a +0 falchion.
* * * LOW HITPOINT WARNING * * *
You emit a cloud of foul miasma!
You feel better. The orc closely misses you.
The orc priest hits you with a +0 war axe.
* * * LOW HITPOINT WARNING * * *
You hear a zap.
You hear a grinding noise.
The orc is engulfed in dark miasma.
The orc is poisoned.
The orc hits you but does no damage.
As you read the scroll labelled DAYQUE JISO, it crumbles to dust.
It is a scroll of identify.
k - a scroll of vulnerability The orc hits you with a +0 flail!
You die...

#.#. ..#
####
##.#.####..#
..#.......#
##.........#
.....!^...#
#.#.......#
#.##.B....#
#...oo#
#<.##@#
##†##o#
..##.#
..#.... ##.
.....
..#......
...##.#)..
.. ..#....
.. ###$....


You could see an orc priest, 2 orcs and a giant cockroach.

Vanquished Creatures
  An adder (D:2)
  A worm (D:3)
  4 dart slugs
  3 orcs (D:3)
  3 bats
  4 endoplasms
  3 giant cockroaches
  5 goblins
  2 hobgoblins
  3 jackals (D:1)
  5 kobolds
  A quokka (D:1)
  6 ball pythons
  3 frilled lizards
  2 rats (D:1)
46 creatures vanquished.

Notes
Turn   | Place    | Note
-------+----------+-------------------------------------------
     0 | D:1      | Pimp the Demonspawn Gladiator began the quest for the Orb.
     0 | D:1      | Reached XP level 1. HP: 16/16 MP: 1/1
   162 | D:1      | Found Fitz's Book Shoppe.
   197 | D:1      | Gained mutation: You may rarely emit foul miasma when
                  | damaged in melee. [demonic ancestry]
   197 | D:1      | Reached XP level 2. HP: 22/22 MP: 2/2
   724 | D:1      | Found a faded altar of an unknown god.
   900 | D:1      | Reached XP level 3. HP: 28/28 MP: 3/3
  1390 | D:2      | Identified the +2 dagger of Fragile Peace {drain, rN+++
                  | Str+3 Int-3 Dex-3}
  2337 | D:3      | Identified 3 scrolls of acquirement
  2337 | D:3      | Acquired a manual of Earth Magic
  2338 | D:3      | Acquired a manual of Polearms
  2339 | D:3      | Acquired 879 gold pieces
  2362 | D:3      | Found Irhayteu's Jewellery Boutique.
  2382 | D:3      | Gained mutation: You have large cloven feet. [demonic
                  | ancestry]
  2382 | D:3      | Reached XP level 4. HP: 25/34 MP: 4/4
  2392 | D:3      | Slain by an orc

Illustrated notes

Levels and vault maps discovered:
D:1:      elethiomel_arrival_maze, layout_loops_ring, serial_shops,
          nicolae_lakefront_shop, hellmonk_ecumenical_altar_arch_garden,
          nicolae_concentric_dashed_squares_mild
D:2:      layout_basic
D:3:      layout_basic, serial_shops, nicolae_shop_stone

Skill      XL: |  1  2 |
---------------+-------+-----
Throwing       | 2 |  2.4
Polearms       | 3 |  3.2
Dodging        | 3 |  3.2
Fighting       | |  2.6
Spellcasting   | |  0.2
Earth Magic    | |  0.4

Action                     |  1- 3 |  4- 6 || total
---------------------------+-------+-------++-------
  Melee: Trident           |   133 |     6 ||   139
         Punch             |     1 |       ||     1
         Kick              |       |     1 ||     1
    Use: Scroll            |     3 |     1 ||     4
         Potion            |       |     3 ||     3
 Armour: Leather armour    |    34 |     3 ||    37
  Dodge: Dodged            |    99 |     8 ||   107

Table legend: (Time is in decaauts)
 A = Elapsed time spent in this place.
 B = Non-inter-level travel time spent in this place.
 C = Inter-level travel time spent in this place.
 D = Time resting spent in this place.
 E = Time spent auto-exploring this place.
 F = Levels seen in this place.
 G = Mean time per level.
                   A        B        C        D        E       F      G
               +--------+--------+--------+--------+--------+-----+--------+
         Total |   2411 |   2277 |    134 |    204 |   1683 |   3 |  803.7 |
       Dungeon |   2411 |   2277 |    134 |    204 |   1683 |   3 |  803.7 |
               +--------+--------+--------+--------+--------+-----+--------+

Top non-repeatable levels by time:
     D:2: 1164 daAuts
     D:1: 1102 daAuts
     D:3: 144 daAuts
